 Dungeon Crawl Stone Soup version 0.31.0-9-g3a7656b989 (webtiles) character file.

Game seed: 11355840082646329833

88 qw the Shooter (level 4, -3/22 HPs)
             Began as a Spriggan Hunter on Feb 2, 2024.
             Killed from afar by Sigmund (14 damage)
             ... with a puff of flame
             ... on level 2 of the Dungeon.
             The game lasted 00:00:06 (1128 turns).

qw the Shooter (Spriggan Hunter)                    Turns: 1128, Time: 00:00:06

Health: -3/22      AC:  3    Str:  7    XL:     4   Next: 30%
Magic:  5/5        EV: 19    Int: 10    God:
Gold:   114        SH:  0    Dex: 20    Spells: 3/3 levels left

rFire   . . .        a - +0 shortbow
rCold   . . .        (shield currently unavailable)
rNeg    . . .        c - +0 robe
rPois   .            (helmet restricted)
rElec   .            g - +0 cloak
rCorr   .            (gloves unavailable)
SInv    +            (boots unavailable)
Will    .....        (no amulet)
Stlth   ++           (no ring)
HPRegen 0.23/turn    (no ring)
MPRegen 0.09/turn

%: no passive effects
@: very quick
A: very small, no large weapons, unfitting armour, see invisible, speed 3
a: no special abilities


You were on level 2 of the Dungeon.
You visited 1 branch of the dungeon, and saw 2 of its levels.

You collected 114 gold pieces.


Innate Abilities, Weirdness & Mutations

You are very small and have problems with some larger weapons.
You are too small for most types of armour.
You have supernaturally acute eyesight. (SInv)
You cover ground extremely quickly. (Speed+++)


   Skills:
 - Level 1.5 Fighting
 - Level 5.3 Ranged Weapons
 + Level 4.1 Dodging
 - Level 1.5 Stealth


You had 3 spell levels left.
You didn't know any spells.
Your spell library was empty.

Inventory:

Hand Weapons
 a - a +0 shortbow (weapon)
Armour
 c - a +0 robe (worn)
 g - a +0 cloak (worn)
Potions
 b - a potion of enlightenment
 d - a potion of degeneration {unknown}
 e - 4 potions of curing
 f - 2 potions of cancellation
 h - a potion of heal wounds {unknown}
 i - a potion of experience {unknown}

Dungeon Overview and Level Annotations

Branches:
Dungeon (2/15)

Altars:

Annotations:
D:2 Sigmund


Message History

You shoot an arrow.
The arrow hits Sigmund but does no damage.
Sigmund is lightly wounded.
Sigmund closely misses you.
You shoot an arrow. The arrow barely misses Sigmund.
Sigmund zaps a wand.
The puff of flame misses you.
You shoot an arrow. The arrow closely misses Sigmund.
Sigmund zaps a wand.
The puff of flame hits you!
You shoot an arrow. The arrow hits Sigmund.
Sigmund is moderately wounded.
Sigmund completely misses you.
You shoot an arrow. The arrow barely misses Sigmund.
Sigmund hits you from afar with a +0 scythe.
You shoot an arrow. The arrow closely misses Sigmund.
You shoot an arrow.
The arrow hits Sigmund but does no damage.
Sigmund is moderately wounded.
Sigmund closely misses you.
You shoot an arrow. The arrow hits Sigmund!
Sigmund is heavily wounded.
Sigmund closely misses you.
You shoot an arrow. The arrow hits Sigmund.
Sigmund is severely wounded.
Sigmund zaps a wand.
The puff of flame misses you.
You shoot an arrow.
The arrow hits Sigmund but does no damage.
Sigmund is severely wounded.
Sigmund points at you and mumbles some strange words.
You easily resist.
You shoot an arrow.
The arrow hits Sigmund but does no damage.
Sigmund is severely wounded.
Sigmund closely misses you.
You shoot an arrow. The arrow hits Sigmund.
Sigmund is severely wounded.
You shoot an arrow. The arrow closely misses Sigmund.
Sigmund zaps a wand.
The puff of flame hits you!
Ouch! That really hurt!
You die...
Sigmund begins carving another notch in his scythe.

###..###..........###.##......##.
..##.)............#........#####.
..###....###...####.#...##.###...
..####.>...............##......#.
..........#....#......#....#####.
..####%.....##...##......### #.%
...............@.##...##.# ##..
..#......................#####...
..#.........#...@...............?
..........#.#.###.#.....##.....#.
#.#...........###...#.#..........
......#..###.###........###[.###.
.#.......###.......#.#...>..## #.
...#............#.......###.# #.
........................##..# #.
........................##.## ##
.........................#.#


You could see Sigmund.

Vanquished Creatures
  Jessica (D:2)
  2 adders (D:2)
  2 ribbon worms (D:2)
  2 ball pythons (D:1)
  3 bats
  7 endoplasms
  2 giant cockroaches
  4 goblins
  2 hobgoblins
  2 kobolds
  2 quokkas
  6 rats
35 creatures vanquished.

Notes
Turn   | Place    | Note
-------+----------+-------------------------------------------
     0 | D:1      | qw the Spriggan Hunter began the quest for the Orb.
     0 | D:1      | Reached XP level 1. HP: 10/10 MP: 2/2
     0 | D:1      | 0 ||| qw: Version: 0.3-a-155-g5e7d8dd
     0 | D:1      | 0 ||| qw: Game counter: 1964
     0 | D:1      | 0 ||| qw: Melee chars always use a shield: true
     0 | D:1      | 0 ||| qw: God list: Okawaru
     0 | D:1      | 0 ||| qw: Allow faded altars: false
     0 | D:1      | 0 ||| qw: Do Orc after clearing Dungeon:15 true
     0 | D:1      | 0 ||| qw: Do second Lair branch before Depths: true
     0 | D:1      | 0 ||| qw: Lair rune preference: random
     0 | D:1      | 0 ||| qw: Goals: Normal
     0 | D:1      | 0 ||| PLANNING D:1-11
    95 | D:1      | Reached skill level 3 in Dodging
   159 | D:1      | Reached XP level 2. HP: 14/14 MP: 3/3
   635 | D:1      | 635 ||| UPGRADING to +0 cloak.
   640 | D:1      | 640 ||| READING scroll labelled MUUSCH KITEMAM.
   640 | D:1      | 640 ||| IDENTIFYING 2 lumpy black potions
   641 | D:1      | 641 ||| READING scroll labelled ERYNE KUTO.
   646 | D:1      | 646 ||| READING scroll labelled NUOLEG TASA.
   647 | D:1      | 647 ||| READING scroll labelled XUYBRIQOTU.
   648 | D:1      | 648 ||| DRINKING 3 clear potions.
   649 | D:1      | 649 ||| DROPPING scroll of butterflies.
   668 | D:2      | 668 ||| STAIRDANCE
   680 | D:2      | Reached XP level 3. HP: 18/18 MP: 4/4
   845 | D:2      | Noticed Jessica
   846 | D:2      | Killed Jessica
   847 | D:2      | Reached skill level 5 in Ranged Weapons
   847 | D:2      | Reached XP level 4. HP: 22/22 MP: 5/5
   878 | D:2      | Noticed Sigmund
   880 | D:2      | 880 ||| FLEEEEING.
   881 | D:2      | 881 ||| FLEEEEING.
   882 | D:2      | 882 ||| FLEEEEING.
   883 | D:2      | 883 ||| FLEEEEING.
   885 | D:2      | 885 ||| FLEEEEING.
   886 | D:2      | 886 ||| FLEEEEING.
   888 | D:2      | 888 ||| FLEEEEING.
   889 | D:2      | 889 ||| FLEEEEING.
   891 | D:2      | 891 ||| FLEEEEING.
   892 | D:2      | 892 ||| FLEEEEING.
   893 | D:2      | 893 ||| FLEEEEING.
   894 | D:2      | 894 ||| FLEEEEING.
   895 | D:2      | 895 ||| FLEEEEING.
   897 | D:2      | 897 ||| FLEEEEING.
   899 | D:2      | 899 ||| FLEEEEING.
   901 | D:2      | 901 ||| STAIRDANCE
   919 | D:1      | 919 ||| DRINKING 2 sapphire potions.
  1114 | D:2      | 1114 ||| DRINKING 5 potions of curing.
  1114 | D:2      | 1114 ||| (to cure confusion)
  1128 | D:2      | Killed from afar by Sigmund

Levels and vault maps discovered:
D:1:      matt_arrival_spirals, layout_basic, minivault_19
D:2:      layout_rooms, uniq_jessica, uniq_sigmund

Skill      XL: |  1  2  3 |
---------------+----------+-----
Dodging        | 3 4 |  4.1
Ranged Weapons | 5 |  5.3
Fighting       | |  1.5
Stealth        | |  1.5

Action                     |  1- 3 |  4- 6 || total
---------------------------+-------+-------++-------
   Fire: Shortbow          |    79 |    29 ||   108
    Use: Scroll            |     4 |       ||     4
         Potion            |     1 |     2 ||     3
 Armour: Robe              |     3 |     4 ||     7
  Dodge: Dodged            |    19 |     8 ||    27

Table legend:
 A = Non-vault XP
 B = Vault XP
 C = Vault XP percentage of total XP
 D = Non-vault monster count
 E = Vault monster count
 F = Vault count percentage of total count
                 A         B        C        D         E       F
            +---------+---------+-------+---------+---------+-------
      Total |      90 |      37 |  29.1 |      34 |       1 |   2.9
            +---------+---------+-------+---------+---------+-------
        D:1 |      34 |       0 |   0.0 |      19 |       0 |   0.0
        D:2 |      56 |      37 |  39.8 |      15 |       1 |   6.2
            +---------+---------+-------+---------+---------+-------
